 Dungeon Crawl Stone Soup version 0.24.0-10-g970556be89 (webtiles) character file.

Game seed: 12464202322697026761, levelgen mode: deterministic

49 kkkmkkk the Stinger (level 3, 0/22 HPs)
             Began as an Octopode Venom Mage on Nov 4, 2019.
             Succumbed to an adder's poison
             ... on level 2 of the Dungeon.
             The game lasted 00:02:59 (1879 turns).

kkkmkkk the Stinger (Octopode Venom Mage)           Turns: 1879, Time: 00:03:00

Health: 0/22       AC:  1    Str:  7    XL:     3   Next: 75%
Magic:  0/6        EV: 13    Int: 18    God:
Gold:   30         SH:  0    Dex: 12    Spells: 1/7 levels left

rFire    . . .     SeeInvis .   a - +0 spear
rCold    . . .     Gourm    .   (no shield)
rNeg     . . .     Faith    .   (helmet restricted)
rPois    .         Spirit   .   (no amulet)
rElec    .         Reflect  .   (no ring)
rCorr    .         Harm     .   (no ring)
MR       .....                  (no ring)
Stlth    +++.......             (no ring)
HPRegen  0.07/turn              (no ring)
MPRegen  0.10/turn              (no ring)
                                (no ring)
                                (no ring)

@: lethally poisoned (0 -> -5)
A: almost no armour, stealthy swim, amphibious, 8 rings, constrict 8, camouflage
1, gelatinous body 1
a: no special abilities


You were on level 2 of the Dungeon.
You were full.

You visited 1 branch of the dungeon, and saw 2 of its levels.

You collected 30 gold pieces.

Inventory:

Hand Weapons
 a - a +0 spear (weapon)
Jewellery
 c - a cursed -3 ring of strength {unknown}
 d - an uncursed amulet of faith {unknown}


   Skills:
 + Level 0.9 Fighting
 + Level 2.3 Dodging
 - Level 2.6 Stealth
 * Level 2.5 Spellcasting
 + Level 1.5 Conjurations
 * Level 4.2 Poison Magic


You had one spell level left.
You knew the following spells:

 Your Spells              Type           Power        Failure   Level  Hunger
a - Sting                 Conj/Pois      ##..         5%          1    #......
b - Poisonous Vapours     Pois/Air       ##....       11%         2    ##.....
c - Mephitic Cloud        Conj/Pois/Air  #.......     22%         3    ###....

Your spell library contained the following spells:

 Spells                   Type           Power        Failure   Level  Hunger
 Olgreb's Toxic Radiance  Pois           ###.....     28%         4    #####..
 Venom Bolt               Conj/Pois      ##........   82%         5    ######.


Dungeon Overview and Level Annotations

Branches:
Dungeon (2/15)

Altars:


Innate Abilities, Weirdness & Mutations

You cannot wear most types of armour.
You are very stealthy in the water. (Stealth+)
You are amphibious.
You can wear up to eight rings at the same time.
You can use your tentacles to constrict eight enemies at once.
Your skin changes colour to match your surroundings (Stealth+).
Your rubbery body absorbs attacks. (AC +1, EV +1)


Message History

Aim: an adder (severely wounded)
The sting hits the adder.
You kill the adder!
Unknown command.
There is a lethal amount of poison in your body!
There is a lethal amount of poison in your body!
There is a lethal amount of poison in your body!
You eat the ration.
That ration really hit the spot!
* * * LOW HITPOINT WARNING * * *
You feel sick.
You aren't carrying any food.
Unknown command.
Unknown command.
* * * LOW HITPOINT WARNING * * *
You feel sick.
You see here a ration.
Unknown command.
b - a ration You eat the ration.
That ration really hit the spot!
You die...

#.....†...........
#.##############..
#†# ##.. #.# #...
#.# #... #.#
######.(. #.#
......... #.#
######..# #@#
##.[. #.# #.#.#
#.# #.#####..##
#.# #..........
#.# #.#####.###
#.# #.# #.. #.##
### .#.####..##
#?.........


There were no monsters in sight!

Vanquished Creatures
  An adder (D:2)
  A worm (D:2)
  2 dart slugs (D:1)
  2 leopard geckos
  4 bats (D:1)
  4 giant cockroaches
  A goblin (D:1)
  3 hobgoblins (D:1)
  4 jackals (D:1)
  2 frilled lizards
  3 kobolds
  2 rats (D:1)
29 creatures vanquished.

Notes
Turn   | Place    | Note
-------+----------+-------------------------------------------
     0 | D:1      | kkkmkkk the Octopode Venom Mage began the quest for the
                  | Orb.
     0 | D:1      | Reached XP level 1. HP: 11/11 MP: 3/3
   136 | D:1      | Reached XP level 2. HP: 10/17 MP: 0/5
   400 | D:1      | Learned a level 2 spell: Poisonous Vapours
   504 | D:1      | Reached skill level 4 in Poison Magic
   968 | D:1      | Reached XP level 3. HP: 22/22 MP: 2/6
  1011 | D:1      | Learned a level 3 spell: Mephitic Cloud
  1872 | D:2      | HP: 1/22 [poisoned by an adder]
  1879 | D:2      | Succumbed to an adder's poison

Levels and vault maps discovered:
D:1:      enne_arrival_octagon_isle, layout_basic, minmay_fountain_box
D:2:      layout_loops_ring, minmay_misc_feat_four_crosses

Skill      XL: |  1  2 |
---------------+-------+-----
Poison Magic   | 4 |  4.2
Fighting       | |  0.9
Dodging        | |  2.3
Stealth        | |  2.6
Spellcasting   | |  2.5
Conjurations   | |  1.5

Action                   || total
-------------------------++-------
Melee: Spear             ||    14
       Constrict         ||     4
       Tentacles         ||     2
 Cast: Sting             ||    49
       Poisonous Vapours ||     9
  Eat: Chunk             ||     3
       Ration            ||     2
Armor: Skin              ||     2
Dodge: Dodged            ||    23
